 Dungeon Crawl Stone Soup version 0.21.1-1-g345015fe64 (webtiles) character file.

1379362 dracomuter the Conqueror (level 27, 248/248 (249) HPs)
             Began as a Human Wanderer on Apr 12, 2018.
             Was the Champion of Nemelex Xobeh.
             Escaped with the Orb
             ... and 3 runes on Apr 20, 2018!
             The game lasted 10:57:54 (117670 turns).

dracomuter the Conqueror (Human Wanderer)         Turns: 117670, Time: 10:57:55

HP:   248/248 (249) AC: 35    Str: 14    XL:     27
MP:   33/35         EV: 23    Int: 23    God:    Nemelex Xobeh [******]
Gold: 5821          SH: 11    Dex: 17    Spells: 5/42 levels left

rFire    + . .     SeeInvis +   a - +9 broad axe (elec)
rCold    + + +     Gourm    .   A - +3 buckler {rC+}
rNeg     . . .     Faith    .   J - +5 ring mail {rC+}
rPois    +         Spirit   .   W - +3 helmet of Starshine {rC++ Dex+3}
rElec    +         Reflect  +   D - +1 cloak of Ojaholom {rElec rF+}
rCorr    .         Harm     .   u - +2 pair of gloves
MR       +++..                  V - +2 pair of boots of Conscience {*Contam rPois Regen+ SInv}
Stlth    +.........             O - +3 amulet of reflection
HPRegen  0.91/turn              Q - ring of protection from magic
MPRegen  0.24/turn              w - +6 ring of protection

@: no status effects
A: deterioration 2, mutation resistance 1, no potion heal 1, subdued magic 1
0: Orb of Zot
}: 3/15 runes: decaying, silver, gossamer
a: Triple Draw, Deal Four, Stack Five, Renounce Religion


You escaped.
You worshipped Nemelex Xobeh.
Nemelex Xobeh was exalted by your worship.
You were not hungry.

You visited 10 branches of the dungeon, and saw 50 of its levels.
You visited the Abyss 2 times.
You visited 2 bazaars.
You also visited: Ice Cave.

You collected 9992 gold pieces.
You spent 4171 gold pieces at shops.

Inventory:

Hand Weapons
 a - a +9 broad axe of electrocution (weapon)
 b - the +9 war axe "Qometat" {venom, MR+ Str-4 Stlth+}
   (You found it on level 3 of the Realm of Zot)

   It poisons the flesh of those it strikes.
   It affects your strength (-4).
   It affects your resistance to hostile enchantments.
   It makes you more stealthy.
Missiles
 R - 6 throwing nets (quivered)
Armour
 u - a +2 pair of gloves (worn)
 A - a +3 buckler of cold resistance (worn)
 D - the +1 cloak of Ojaholom (worn) {rElec rF+}
   (You acquired it on level 5 of the Depths)

   It protects you from fire.
   It insulates you from electricity.
 J - a +5 ring mail of cold resistance (worn)
 V - the +2 pair of boots of Conscience (worn) {*Contam rPois Regen+ SInv}
   (You acquired it on level 2 of the Spider Nest)

   It protects you from poison.
   It lets you see invisible.
   It causes magical contamination when unequipped.
   It increases your rate of regeneration.
 W - the +3 helmet of Starshine (worn) {rC++ Dex+3}
   (You found it on level 5 of the Realm of Zot)

   It affects your dexterity (+3).
   It greatly protects you from cold.
Jewellery
 n - an uncursed ring of flight
 w - a +6 ring of protection (right hand)
 O - a +3 amulet of reflection (around neck)
 Q - a ring of protection from magic (left hand)
Wands
 f - a wand of digging (15)
 h - a wand of paralysis (34)
 C - a wand of acid (38)
 S - a wand of iceblast (12)
Scrolls
 c - 19 scrolls of teleportation
 e - 25 scrolls of remove curse
 g - a scroll of amnesia
 j - 6 scrolls of blinking
 k - a scroll of silence
 o - 6 scrolls of fog
 H - 5 scrolls of magic mapping
 I - 3 scrolls of fear
 N - 3 scrolls of summoning
Potions
 i - 3 potions of mutation
 m - 9 potions of heal wounds
 p - 2 potions of resistance
 q - 4 potions of cancellation
 t - a potion of might
 v - 3 potions of ambrosia
 B - 17 potions of curing
 E - 4 potions of flight
 F - 8 potions of brilliance
 K - 3 potions of haste
 L - 4 potions of berserk rage
 M - 4 potions of magic
 X - 2 potions of invisibility
 Z - 2 potions of agility
Miscellaneous
 l - a legendary deck of escape {the Tomb, left: 4}
 r - an ornate deck of destruction
 s - 2 phantom mirrors
 x - a legendary deck of summoning {drawn: 1}
 z - an ornate deck of summoning {drawn: 3}
 G - a legendary deck of destruction {drawn: 5}
 P - an ornate deck of destruction
 T - a legendary deck of summoning {drawn: 1}
 U - an ornate deck of destruction {drawn: 3}
 Y - an ornate deck of summoning {drawn: 1}
Comestibles
 d - 71 rations


   Skills:
 O Level 27 Fighting
 - Level 18.0 Axes
   Level 1.0 Staves
 - Level 1.0 Throwing
 - Level 18.0 Armour
 - Level 18.0 Dodging
 - Level 1.0 Stealth
 - Level 4.0 Shields
 - Level 8.0 Spellcasting
 - Level 5.0 Conjurations
 - Level 5.0 Charms
 - Level 12.0 Necromancy
 - Level 3.0 Translocations
 - Level 10.0 Air Magic
 - Level 9.2 Earth Magic
 - Level 5.0 Poison Magic
 + Level 17.1 Invocations
 - Level 8.0 Evocations


You had 5 spell levels left.
You knew the following spells:

 Your Spells              Type           Power        Failure   Level  Hunger
a - Song of Slaying       Chrm           ###.....     1%          2    None
b - Blink                 Tloc           N/A          3%          2    None
c - Mephitic Cloud        Conj/Pois/Air  ####....     1%          3    None
d - Swiftness             Chrm/Air       ####....     1%          2    None
e - Regeneration          Chrm/Necr      #####.....   1%          3    None
f - Airstrike             Air            #####.....   1%          4    ###....
g - Deflect Missiles      Chrm/Air       ####......   54%         6    ######.
i - Borgnjor's Vile Clut  Necr/Erth      #####.....   2%          5    #####..
j - Summon Lightning Spi  Summ/Air       ###.....     12%         4    ###....
k - Poisonous Vapours     Pois/Air       ####..       1%          2    None
l - Animate Dead          Necr           N/A          1%          4    ###....


Dungeon Overview and Level Annotations

Branches:
Dungeon (15/15)            Temple (1/1) D:4            Lair (6/6) D:9
  Swamp (4/4) Lair:4       Spider (4/4) Lair:3        Slime (0/5) Lair:5
    Orc (2/2) D:11            Elf (3/3) Orc:2        Vaults (5/5) D:14
  Crypt (0/3) Vaults:3     Depths (5/5) D:15            Zot (5/5) Depths:5

Altars:
Ashenzari
Cheibriados
Dithmenos
Elyvilon
Fedhas
Hepliaklqana
Kikubaaqudgha
Nemelex Xobeh
Qazlal
Ru
Sif Muna
Trog
Uskayaw
Vehumet
Wu Jian
Xom
Yredelemnul
Zin
Jiyva

Shops:
D:6 ?   D:13 ?   D:14 [   Orc:2 [}(*   Elf:1 =%[   Elf:3 (   Depths:4 ==}

Portals:
Hell: Depths:1 Depths:2 Depths:3 Depths:4 Depths:5
Abyss: Depths:3 Depths:4
Pandemonium: Depths:3
Ziggurat: Depths:2

Annotations:
D:14 3 runed doors
Elf:2 2 runed doors
Zot:5 exclusion: door


Innate Abilities, Weirdness & Mutations

Your body often deteriorates upon taking damage.
You are somewhat resistant to further mutation.
Potions are less effective at restoring your health.
Your spells are a little easier to cast, but a little less powerful.


Message History

(N) Spider Nest (M) Slime Pits (O) Orcish Mines (E) Elven Halls (V) Vaults (C) Crypt (U) Depths (H) Hell (Z) Zot
Where to? (Enter - D:1 @ (x,y), ? - help)
There is a stone staircase leading up here.
You climb upwards.
There is a stone staircase leading down here.
Your skin is crawling a little less now.
Your skin stops crawling.
There is a stone staircase leading up here.
You climb upwards.
There is a stone staircase leading down here.
There is a stone staircase leading up here.
You climb upwards.
There is a stone staircase leading down here.
You see here a club.
There is an open door here.
There is a staircase leading out of the dungeon here.
There is a staircase leading out of the dungeon here.
You have escaped!

#..................#....#.
#..................#.##.#.
##.................#.##.#.
##......................#.
#.#######)#######.......#.
##.### #.# ###.#.##...#.
##..####'####..##........
###..'...+..####.##.....
####.@.#### #####....
###..'...'..### ##.#..
##..####'####..## #..#..
#.### #.# ###.## #.###.
### ###########.# #.# #.
#.# #.## #..##..# #.# #.
#.# #..# #..###.###.###.
#.#####.# #..# #.#.......
#.......###.## #...#.#...


There were no monsters in sight!

Vanquished Creatures
  3 ancient liches
  2 orbs of fire
  3 juggernauts (Depths:5)
  Sojobo (Vaults:4)
  Margery (Depths:3)
  7 caustic shrikes
  3 Killer Klowns
  2 curse toes (Zot:2)
  A bone dragon (Depths:2)
  Arachne (Spider:3)
  4 golden dragons
  5 electric golems
  23 tentacled monstrosities
  Rupert (Orc:2)
  4 liches
  25 Orb Guardians
  A deep elf master archer (Elf:3)
  2 deep elf blademasters (Elf:3)
  5 titans
  12 quicksilver dragons
  7 death cobs
  A quicksilver dragon (shapeshifter) (Vaults:5)
  A tentacled starspawn (Abyss:3)
  5 sphinxes
  3 shadow dragons
  Kirke (D:14)
  15 storm dragons
  The ghost of Xenomina the Fetichist, an adept DgFi (Spider:3)
  6 tengu reavers
  6 draconian monks (Zot:1)
  5 draconian knights
  Donald (Vaults:2)
  14 vault wardens
  9 fire giants
  3 ghost moths
  An azure jelly (shapeshifter) (Depths:5)
  11 frost giants
  Aizul (Vaults:1)
  2 iron dragons (Depths:5)
  4 draconian scorchers
  10 deep elf sorcerers
  6 emperor scorpions
  19 ironheart preservers
  8 draconian shifters
  2 draconian stormcallers
  7 deep elf elementalists
  A spriggan defender (Depths:5)
  6 draconian annihilators
  A war gargoyle (Vaults:5)
  20 stone giants
  28 very ugly things
  An entropy weaver (Spider:4)
  12 deep elf annihilators
  7 deep elf demonologists
  2 vampire knights (Depths:4)
  9 black draconians
  7 spark wasps
  8 white draconians
  12 red draconians
  12 green draconians
  13 purple draconians
  A lorocyproca (D:5)
  9 yellow draconians
  9 deep elf death magi
  13 ettins
  A blizzard demon (Zot:3)
  9 deep elf high priests
  2 merfolk javelineers
  11 fire dragons
  A quicksilver dragon zombie (Abyss:3)
  Josephine (Lair:4)
  6 great orbs of eyes
  A merfolk impaler (Depths:3)
  22 hydras
  12 yaktaur captains
  6 rakshasas
  11 ice dragons
  A hydra (shapeshifter) (Elf:3)
  An ice dragon (shapeshifter) (Vaults:5)
  33 vault guards
  An anaconda (Elf:3)
  An alligator (shapeshifter) (Vaults:1)
  4 spriggan air magi
  51 two-headed ogres
  16 centaur warriors
  14 ogre magi
  A two-headed ogre (shapeshifter) (Vaults:3)
  3 death knights
  3 vampire magi
  A queen ant (Lair:2)
  5 deep troll earth magi
  A death yak (Vaults:4)
  11 deep troll shamans
  4 spriggan berserkers
  9 alligators
  3 tengu warriors
  5 thrashing horrors
  13 dancing weapons
  A sun demon (D:15)
  A shock serpent (shapeshifter) (Elf:1)
  16 deep elf knights
  2 soul eaters
  A shadow wraith (Vaults:2)
  A sixfirhy (Depths:5)
  6 skeletal warriors
  2 wretched stars (Abyss:3)
  11 hell knights
  An unseen horror (shapeshifter) (D:13)
  A death drake (Depths:1)
  6 iron trolls
  4 glowing orange brains
  10 swamp dragons
  A spriggan druid (Swamp:2)
  4 unseen horrors
  6 wizards
  17 deep trolls
  6 phantasmal warriors
  12 deep elf archers
  An obsidian statue (D:14)
  10 orc knights
  2 flayed ghosts
  5 large abominations
  A tengu zombie (Depths:2)
  2 shambling mangroves (Swamp:3)
  22 orb spiders
  26 ironbrand convokers
  A mana viper (shapeshifter) (Vaults:4)
  6 necromancers
  40 ugly things
  4 orc sorcerers
  The ghost of Knicklaso the Reanimator, a novice DsNe of Yredelemnul (D:7)
  A fire giant zombie (Depths:2)
  54 deep elf magi
  25 wolf spiders
  2 manticores (shapeshifter)
  A faun (Vaults:4)
  2 human zombies (Vaults:4)
  A cyclops (shapeshifter) (Depths:5)
  4 shining eyes (shapeshifter)
  A salamander (shapeshifter) (Depths:5)
  3 manticores
  4 worldbinders
  8 cyclopes
  22 moths of wrath
  A salamander (Depths:4)
  3 elephants
  2 fire giant skeletons
  A human skeleton (Vaults:3)
  4 ice statues (IceCv)
  13 vault sentinels
  3 black mambas
  2 rust devils
  3 torpor snails
  A smoke demon (Abyss:3)
  A water nymph (shapeshifter) (Vaults:5)
  A water nymph (Depths:1)
  14 spiny frogs
  5 orange demons
  2 spiny frogs (shapeshifter)
  2 rime drakes (shapeshifter)
  12 demonic crawlers
  6 komodo dragons
  3 rime drakes (Swamp:4)
  A gargoyle (D:14)
  A kobold demonologist (D:8)
  3 efreet
  2 ice devils
  35 yaktaurs
  A tormentor (Zot:4)
  An anaconda simulacrum (IceCv)
  A hellwing (Depths:4)
  A golden dragon simulacrum (IceCv)
  3 red devils
  5 freezing wraiths
  4 tengu conjurers
  A queen bee (D:9)
  7 trolls
  A jumping spider (shapeshifter) (Depths:4)
  30 jumping spiders
  11 polar bears
  A wind drake (Vaults:5)
  A tengu simulacrum (Vaults:2)
  17 hornets
  43 blink frogs
  6 bog bodies
  7 hippogriffs
  4 raiju
  2 dream sheep (Lair:3)
  4 tyrant leeches
  26 slime creatures
  22 tarantellas
  An alligator skeleton (Abyss:3)
  2 vampires
  38 yaks
  5 spriggans
  3 shadows
  A ynoxinul (Depths:4)
  45 redbacks
  7 wraiths
  A fire bat (Elf:3)
  6 air elementals
  A human (D:10)
  An elf simulacrum (Depths:2)
  6 water elementals
  3 wyverns
  6 basilisks
  Eustachio (D:4)
  A spriggan (shapeshifter) (Depths:3)
  3 hogs (D:14)
  A golden eye (Abyss:2)
  9 fire elementals
  6 steam dragons
  2 hungry ghosts
  2 chaos spawn
  11 vampire mosquitoes
  8 wargs
  12 soldier ants
  15 swamp worms
  9 insubstantial wisps
  2 harpy simulacra (IceCv)
  2 acid dragons (Lair:6)
  2 floating eyes
  3 hydra simulacra (IceCv)
  Duvessa (D:5)
  17 hell hounds
  11 water moccasins
  7 porcupines
  14 swamp drakes
  9 ice beasts
  11 black bears
  32 orc warriors
  2 phantoms
  51 ogres
  3 sky beasts
  2 eyes of draining
  An elf skeleton (Vaults:4)
  7 boggarts
  30 wolves
  A centaur (shapeshifter) (Vaults:3)
  15 centaurs
  10 crocodiles
  2 big kobolds
  3 small abominations
  8 bullfrogs
  4 earth elementals
  Dowan (D:5)
  A wyvern zombie (D:10)
  A glowing shapeshifter simulacrum (Vaults:2)
  A water moccasin zombie (D:10)
  2 wyvern skeletons (D:14)
  A deep troll simulacrum (Vaults:3)
  4 scorpions
  32 killer bees
  5 wights (D:13)
  10 electric eels
  2 howler monkeys
  6 crimson imps
  3 centaur zombies
  A bullfrog zombie (D:9)
  2 quasits
  11 starcursed masses
  10 hounds
  5 jellies
  30 orc priests
  20 orc wizards
  5 centaur skeletons
  2 iron imps
  Jessica (D:3)
  4 iguanas (Lair:6)
  36 worker ants
  A killer bee zombie (D:10)
  A hound zombie (D:8)
  2 howler monkey zombies
  Robin (D:4)
  A worker ant zombie (D:11)
  7 gnolls
  A gnoll (shapeshifter) (Vaults:1)
  15 adders
  7 shadow imps
  2 white imps (Abyss:2)
  2 ufetubi (Abyss:2)
  2 oozes
  An adder skeleton (D:4)
  A ball lightning (Zot:4)
  8 dart slugs (D:6)
  6 leopard geckos
  104 orcs
  7 bats
  11 giant cockroaches
  13 goblins
  14 hobgoblins
  10 jackals
  6 quokkas
  A ball python (D:3)
  A ball python zombie (D:5)
  9 frilled lizards
  A giant cockroach zombie (D:5)
  36 kobolds
  7 rats
  5 fungi
  8 plants
2311 creatures vanquished.

Vanquished Creatures (collateral kills)
  An orb of fire (Zot:5)
  Xtahua (Depths:3)
  the Lernaean hydra (Swamp:4)
  The ghost of Findor the Bludgeoner, a veteran DsGl of Makhleb (Depths:1)
  4 caustic shrikes
  Saint Roka (Vaults:3)
  A golden dragon (Depths:5)
  A profane servitor (Abyss:2)
  Nikola (Vaults:3)
  A bone dragon (Depths:2)
  Jorgrun (Spider:3)
  4 tentacled monstrosities
  Asterion (Spider:3)
  A titan (Depths:4)
  A tentacled starspawn (Abyss:2)
  A death cob (Zot:1)
  A thorn hunter (Swamp:4)
  3 tengu reavers
  5 shadow dragons
  2 storm dragons
  3 fire giants
  A ghost moth (Spider:3)
  An orc warlord (Orc:1)
  2 vault wardens
  A frost giant (Vaults:5)
  A deep elf sorcerer (Elf:3)
  2 emperor scorpions
  A deep elf elementalist (Elf:3)
  A draconian stormcaller (Zot:4)
  A war gargoyle (Vaults:5)
  4 very ugly things
  A stone giant (Vaults:4)
  2 ironheart preservers
  Azrael (D:15)
  A deep elf demonologist (Elf:3)
  An ettin (Depths:3)
  2 purple draconians (Zot:3)
  A yellow draconian (Zot:4)
  A white draconian (Zot:3)
  A green death (Abyss:2)
  2 deep elf death magi (Elf:3)
  2 deep elf high priests
  A yaktaur captain (Vaults:2)
  2 vault guards
  4 hydras
  A death knight (Vaults:5)
  The ghost of dengdeng the Basher, a novice MiBe of Trog (D:8)
  A two-headed ogre (Vaults:5)
  An ogre mage (Vaults:2)
  2 hell hogs (Depths:3)
  A thrashing horror (Abyss:2)
  4 dancing weapons
  A deep elf knight (Elf:3)
  Urug (Lair:4)
  An iron troll (Zot:1)
  A glowing orange brain (Vaults:4)
  A hell knight (Depths:3)
  A shambling mangrove (Swamp:3)
  A ghost moth zombie (Abyss:2)
  2 ironbrand convokers
  2 ugly things
  A phantasmal warrior (Vaults:5)
  3 deep elf magi
  2 wolf spiders
  5 orb spiders
  A faun (Vaults:2)
  2 elephants (Lair:6)
  3 moths of wrath
  A smoke demon (Abyss:2)
  A vault sentinel (Vaults:4)
  An ice statue (IceCv)
  A spiny frog (shapeshifter) (Depths:3)
  A centaur skeleton (D:14)
  An anaconda simulacrum (IceCv)
  3 freezing wraiths
  2 yaktaurs (Vaults:4)
  A hydra zombie (Abyss:3)
  An ancient zyme (Abyss:2)
  A troll (D:9)
  A polar bear (Lair:6)
  3 jumping spiders (Spider:3)
  3 slime creatures
  A raiju (Abyss:3)
  2 tarantellas
  3 large abominations (Abyss:2)
  4 redbacks
  A vampire (D:11)
  A wraith (D:12)
  A ynoxinul (Abyss:2)
  A water elemental (Elf:1)
  2 fire elementals
  2 hungry ghosts (D:10)
  A chaos spawn (Abyss:3)
  A hydra simulacrum (IceCv)
  7 hell hounds (Depths:3)
  4 ogres
  A wolf (D:9)
  2 small abominations (Abyss:2)
  A starcursed mass (Abyss:3)
  A river rat (Swamp:4)
  An ufetubus (Abyss:2)
170 creatures vanquished.

Vanquished Creatures (others)
  3 ancient liches
  Jory (Vaults:2)
  A deep elf master archer (Elf:3)
  2 draconian knights (Zot:5)
  3 draconian annihilators (Zot:5)
  4 red draconians (Zot:5)
  A spark wasp (Depths:5)
  A deep elf high priest (Vaults:5)
  A yaktaur captain (Vaults:4)
  Erolcha (D:10)
  A rakshasa (Depths:4)
  A vault guard (Vaults:4)
  A skeletal warrior (D:12)
  A spatial maelstrom (Abyss:2)
  A deep elf mage (Elf:2)
  A wolf spider (Spider:4)
  A tengu skeleton (Vaults:4)
  2 moths of wrath (Zot:5)
  5 yaktaurs
  A jumping spider (Spider:2)
  An air elemental (Elf:1)
  2 water elementals (Abyss:2)
  An acid dragon (D:15)
  A warg (Lair:6)
  An orc warrior (D:14)
  A black bear (Lair:6)
  An ogre (Vaults:4)
  A big kobold (shapeshifter) (Vaults:5)
  A starcursed mass (Abyss:3)
  An orc priest (Vaults:3)
  A ball lightning (Lair:6)
  2 kobolds (D:7)
  A bush (Lair:2)
  13 fungi
  29 plants
  4 starspawn tentacles
94 creatures vanquished.

Grand Total: 2575 creatures vanquished

Notes
Turn   | Place    | Note
-------+----------+-------------------------------------------
     0 | D:1      | dracomuter the Human Wanderer began the quest for the Orb.
     0 | D:1      | dracomuter set off with: a +2 quarterstaff, a +0 ring mail, a scroll of teleportation, a ration
     0 | D:1      | Reached XP level 1. HP: 16/16 MP: 1/1
   110 | D:1      | Reached XP level 2. HP: 23/23 MP: 2/2
   370 | D:1      | Reached XP level 3. HP: 28/28 MP: 3/3
  1090 | D:2      | Reached skill level 3 in Fighting
  1090 | D:2      | Reached XP level 4. HP: 31/35 MP: 4/4
  1135 | D:2      | Found a sparkling altar of Nemelex Xobeh.
  1146 | D:2      | Became a worshipper of Nemelex Xobeh the Trickster
  1378 | D:2      | Received a gift from Nemelex Xobeh
  1942 | D:2      | You fall through a shaft for 2 floors!
  1942 | D:4      | Received a gift from Nemelex Xobeh
  1953 | D:4      | Reached XP level 5. HP: 41/41 MP: 5/5
  1995 | D:4      | Noticed Robin
  2005 | D:4      | Killed Robin
  2308 | D:3      | Noticed Jessica
  2650 | D:3      | Reached XP level 6. HP: 42/48 MP: 6/6
  2800 | D:3      | Reached skill level 4 in Fighting
  2808 | D:3      | Reached * piety under Nemelex Xobeh
  2978 | D:3      | Found a bloodstained altar of Trog.
  3117 | D:3      | Killed Jessica
  3185 | D:4      | Noticed Eustachio
  3187 | D:4      | Killed Eustachio
  3187 | D:4      | Reached XP level 7. HP: 55/55 MP: 7/7
  3527 | D:4      | Found an ornate altar of the Wu Jian Council.
  3564 | D:4      | Reached skill level 5 in Fighting
  3564 | D:4      | Reached skill level 5 in Armour
  3787 | D:4      | Found a snail-covered altar of Cheibriados.
  3884 | D:4      | Found a shimmering altar of Xom.
  3936 | D:4      | Found a glowing silver altar of Zin.
  3970 | D:4      | Reached skill level 1 in Shields
  3970 | D:4      | Reached XP level 8. HP: 29/62 MP: 8/8
  4079 | D:4      | Reached skill level 5 in Axes
  4205 | D:4      | Found a staircase to the Ecumenical Temple.
  4214 | Temple   | Entered the Ecumenical Temple
  4214 | Temple   | Reached ** piety under Nemelex Xobeh
  4214 | Temple   | Received a gift from Nemelex Xobeh
  4366 | D:5      | Entered Level 5 of the Dungeon
  4366 | D:5      | Noticed Duvessa
  4366 | D:5      | Noticed Dowan
  4374 | D:5      | Killed Duvessa
  4604 | D:5      | Killed Dowan
  4927 | D:5      | Found an ancient bone altar of Kikubaaqudgha.
  4994 | D:5      | Found a sacrificial altar of Ru.
  5329 | D:5      | Found a blossoming altar of Fedhas.
  5595 | D:5      | Found a blossoming altar of Fedhas.
  5657 | D:5      | Found a deep blue altar of Sif Muna.
  5701 | D:6      | Reached skill level 6 in Fighting
  5919 | D:6      | Reached XP level 9. HP: 68/69 MP: 9/9
  6621 | D:6      | Noticed a dagger
  6622 | D:6      | Found a hide-covered altar of Uskayaw.
  6622 | D:6      | Noticed a dagger
  6673 | D:6      | Found Ekhlymp's Magic Scroll Emporium.
  6676 | D:6      | Bought a scroll of summoning for 142 gold pieces
  6676 | D:6      | Bought a scroll of blinking for 112 gold pieces
  6743 | D:6      | Received a gift from Nemelex Xobeh
  7530 | D:6      | Reached skill level 7 in Fighting
  8266 | D:7      | Reached *** piety under Nemelex Xobeh
  8294 | D:7      | Found a radiant altar of Vehumet.
  8380 | D:7      | Noticed a hippogriff
  8386 | D:7      | Killed a hippogriff
  8386 | D:7      | Reached skill level 8 in Fighting
  8386 | D:7      | Reached XP level 10. HP: 62/80 MP: 10/10
  8476 | D:7      | Received a gift from Nemelex Xobeh
  8536 | D:7      | Noticed Knicklaso's ghost (novice DsNe)
  8795 | D:7      | Killed Knicklaso's ghost
  9479 | D:8      | Found a blossoming altar of Fedhas.
  9615 | D:8      | Received a gift from Nemelex Xobeh
  9718 | D:8      | Reached skill level 9 in Fighting
  9845 | D:8      | Noticed a two-headed ogre
  9865 | D:8      | Killed a two-headed ogre
 10269 | D:8      | Noticed dengdeng's ghost (novice MiBe)
 10311 | D:8      | Killed dengdeng's ghost
 10781 | D:8      | Received a gift from Nemelex Xobeh
 10878 | D:9      | Reached **** piety under Nemelex Xobeh
 10974 | D:9      | Got a flickering golden ring
 10975 | D:9      | Identified the ring of Hos Wilivu {rPois Dex+3 Stlth+} (You found it on level 9 of the Dungeon)
 11002 | D:9      | Found a radiant altar of Vehumet.
 11171 | D:9      | Reached skill level 10 in Fighting
 11191 | D:9      | Reached XP level 11. HP: 41/90 MP: 11/11
 11328 | D:9      | Reached skill level 10 in Axes
 11763 | D:9      | Found a staircase to the Lair.
 12879 | D:9      | Reached skill level 11 in Fighting
 13322 | D:9      | Received a gift from Nemelex Xobeh
 13932 | D:9      | Found a stormy altar of Qazlal.
 14361 | Lair:1   | Entered Level 1 of the Lair of Beasts
 15072 | Lair:1   | Received a gift from Nemelex Xobeh
 15293 | Lair:1   | Reached ***** piety under Nemelex Xobeh
 15305 | Lair:1   | Got a jewelled leather armour
 15514 | Lair:1   | Received a gift from Nemelex Xobeh
 15738 | Lair:1   | Learned a level 2 spell: Song of Slaying
 15748 | Lair:1   | Identified the +3 leather armour "Ulogos" {rCorr Dex+3} (You found it on level 1 of the Lair of Beasts)
 15884 | Lair:2   | Noticed a queen ant
 15898 | Lair:2   | Killed a queen ant
 15898 | Lair:2   | Reached skill level 1 in Charms
 16327 | Lair:2   | Reached XP level 12. HP: 91/102 MP: 12/12
 16581 | Lair:2   | Reached skill level 12 in Fighting
 16747 | Lair:2   | Received a gift from Nemelex Xobeh
 17806 | Lair:2   | Received a gift from Nemelex Xobeh
 18105 | Lair:2   | Noticed a five-headed hydra
 18115 | Lair:2   | Killed a five-headed hydra
 18419 | Lair:3   | Found a hole to the Spider Nest.
 18603 | Lair:3   | Learned a level 2 spell: Blink
 18638 | Lair:3   | Reached skill level 5 in Charms
 19093 | Lair:3   | Reached skill level 1 in Translocations
 19100 | Lair:3   | Received a gift from Nemelex Xobeh
 19446 | Lair:3   | Found a sparkling altar of Nemelex Xobeh.
 19939 | Lair:4   | Reached XP level 13. HP: 86/109 MP: 13/13
 20097 | Lair:4   | Reached skill level 13 in Fighting
 20640 | Lair:4   | Noticed Josephine
 20803 | Lair:4   | Killed Josephine
 21729 | Lair:4   | Noticed Urug
 21755 | Lair:4   | Killed Urug
 22123 | Lair:4   | Found a staircase to the Swamp.
 22952 | Lair:1   | Identified a scroll of acquirement
 22953 | Lair:1   | Got a pair of spiked gloves
 22964 | Lair:1   | Identified the +0 pair of gloves "Puar" {Str+7 Dex+3 SInv} (You acquired it on level 1 of the Lair of Beasts)
 23161 | Lair:5   | Noticed an eight-headed hydra
 23177 | Lair:4   | HP: 5/112 [eight-headed hydra (13)]
 23178 | Lair:4   | Killed an eight-headed hydra
 23702 | Lair:5   | Found a staircase to the Slime Pits.
 23702 | Lair:5   | Found a viscous altar of Jiyva.
 23703 | Lair:5   | Received a gift from Nemelex Xobeh
 23807 | Lair:5   | Reached skill level 14 in Fighting
 25218 | Lair:5   | Noticed a seven-headed hydra
 25224 | Lair:5   | Killed a seven-headed hydra
 25644 | Lair:5   | Received a gift from Nemelex Xobeh
 25890 | Lair:6   | Entered Level 6 of the Lair of Beasts
 25904 | Lair:6   | Reached skill level 1 in Invocations
 26353 | Lair:6   | Reached XP level 14. HP: 115/121 MP: 16/16
 26832 | Lair:6   | Reached skill level 5 in Invocations
 29326 | Lair:6   | Received a gift from Nemelex Xobeh
 29815 | Lair:6   | Reached skill level 10 in Invocations
 30648 | Lair:6   | Got a shimmering large shield
 30649 | Lair:6   | Identified the +1 large shield of Fashionability {*Contam rElec rF+++ Stlth+} (You found it on level 6 of the Lair of Beasts)
 32584 | Lair:1   | Learned a level 3 spell: Mephitic Cloud
 32670 | D:10     | Entered Level 10 of the Dungeon
 33042 | D:10     | Received a gift from Nemelex Xobeh
 33048 | D:10     | Noticed Erolcha
 33053 | D:10     | Killed Erolcha
 33521 | D:10     | Reached XP level 15. HP: 121/127 MP: 22/24
 33805 | D:10     | Reached skill level 1 in Conjurations
 33805 | D:10     | Reached skill level 1 in Air Magic
 33805 | D:10     | Reached skill level 1 in Poison Magic
 33943 | D:10     | Found the +8 Wrath of Trog {antimagic, *Rage}
 34063 | D:11     | Received a gift from Nemelex Xobeh
 34445 | D:11     | Found a staircase to the Orcish Mines.
 34457 | D:11     | Reached ****** piety under Nemelex Xobeh
 35188 | D:11     | Received a gift from Nemelex Xobeh
 36853 | D:12     | Received a gift from Nemelex Xobeh
 37568 | D:13     | Found Qexutrux's Magic Scroll Shoppe.
 38483 | D:13     | Reached skill level 5 in Conjurations
 38718 | Orc:1    | Entered Level 1 of the Orcish Mines
 39382 | Orc:1    | Received a gift from Nemelex Xobeh
 40101 | Orc:2    | Entered Level 2 of the Orcish Mines
 40101 | Orc:2    | Noticed Rupert
 40101 | Orc:2    | Noticed an orc warlord
 40179 | Orc:2    | Killed Rupert
 40410 | Orc:2    | Received a gift from Nemelex Xobeh
 40599 | Orc:1    | Killed an orc warlord
 41298 | Orc:2    | Found a staircase to the Elven Halls.
 41693 | Orc:1    | Reached skill level 15 in Fighting
 41980 | Orc:2    | Reached skill level 15 in Axes
 41988 | Orc:2    | Reached XP level 16. HP: 116/136 MP: 20/25
 42810 | Orc:2    | Found Ixop Ulucw's Weapon Emporium.
 42810 | Orc:2    | Found Etties's Armour Boutique.
 42811 | Orc:2    | Found Odenyari's Assorted Antiques.
 42811 | Orc:2    | Found Bugh's Gadget Emporium.
 42850 | Orc:2    | Bought a +3 scale mail of cold resistance for 312 gold pieces
 42860 | Orc:2    | Bought a +2 ring mail of cold resistance for 252 gold pieces
 42875 | Orc:2    | Bought a potion of invisibility for 264 gold pieces
 42875 | Orc:2    | Bought 2 potions of heal wounds for 330 gold pieces
 42877 | Orc:2    | Bought a +2 war axe of flaming for 274 gold pieces
 43603 | D:14     | Received a gift from Nemelex Xobeh
 43626 | D:14     | Noticed Kirke
 43766 | D:14     | Killed Kirke
 43766 | D:14     | Reached skill level 1 in Spellcasting
 44119 | D:14     | Found Tibb's Antique Armour Emporium.
 44142 | D:14     | Bought a pair of glowing boots for 240 gold pieces
 44983 | D:14     | Found a gate to the Vaults.
 45086 | D:14     | Received a gift from Nemelex Xobeh
 45146 | D:14     | Found a runed door.
 45160 | D:14     | Learned a level 2 spell: Swiftness
 45168 | D:14     | Learned a level 3 spell: Regeneration
 45172 | D:14     | Found a runed door.
 45184 | D:14     | Found a runed door.
 45195 | D:14     | Found a runed door.
 45477 | D:15     | Entered Level 15 of the Dungeon
 45490 | D:15     | Noticed Azrael
 45962 | D:14     | Reached skill level 5 in Dodging
 46399 | D:15     | Got an ancient helmet
 46400 | D:15     | Identified the cursed -5 helmet of the Desolation of Salt {*Contam Str+5 Dex+3} (You found it on level 15 of the Dungeon)
 46421 | D:15     | Received a gift from Nemelex Xobeh
 46879 | D:15     | Killed Azrael
 46879 | D:15     | Reached skill level 5 in Spellcasting
 47125 | D:15     | Reached skill level 1 in Necromancy
 47569 | D:15     | Received a gift from Nemelex Xobeh
 47895 | D:15     | Found a staircase to the Depths.
 47911 | D:15     | Reached XP level 17. HP: 116/142 MP: 23/26
 48290 | Spider:1 | Entered Level 1 of the Spider Nest
 48552 | Spider:1 | Reached skill level 5 in Necromancy
 49185 | Spider:1 | Reached skill level 5 in Air Magic
 49191 | Spider:1 | Reached skill level 5 in Poison Magic
 49372 | Spider:1 | Received a gift from Nemelex Xobeh
 49765 | Spider:1 | Received a gift from Nemelex Xobeh
 50950 | Spider:2 | HP: 5/142 [wolf spider (6)]
 51642 | Spider:2 | Received a gift from Nemelex Xobeh
 51831 | Spider:2 | Got a pair of ichor-stained boots
 51832 | Spider:2 | Identified the +2 pair of boots of Conscience {*Contam rPois Regen+ SInv} (You acquired it on level 2 of the Spider Nest)
 52215 | Spider:3 | Noticed Jorgrun
 52301 | Spider:3 | Noticed Asterion
 52642 | Spider:3 | Killed Jorgrun
 52797 | Spider:3 | Killed Asterion
 52821 | Spider:3 | Noticed Xenomina's ghost (adept DgFi)
 53106 | Spider:3 | Received a gift from Nemelex Xobeh
 53137 | Spider:3 | Reached skill level 16 in Fighting
 53406 | Spider:3 | Killed Xenomina's ghost
 53613 | Spider:4 | Entered Level 4 of the Spider Nest
 53622 | Spider:4 | Received a gift from Nemelex Xobeh
 53632 | Spider:4 | Noticed Arachne
 53658 | Spider:4 | Reached XP level 18. HP: 55/151 MP: 12/30
 54334 | Spider:3 | Killed Arachne
 54334 | Spider:3 | Reached skill level 17 in Fighting
 56087 | Spider:4 | Got a gossamer rune of Zot
 56139 | Spider:4 | Received a gift from Nemelex Xobeh
 56495 | D:14     | Bought an agate-encrusted ring mail for 288 gold pieces
 56495 | D:14     | Identified the +1 ring mail of the Spider Nest {Str+2} (You bought it in a shop on level 14 of the Dungeon)
 56721 | Swamp:1  | Entered Level 1 of the Swamp
 56995 | Swamp:1  | Reached skill level 18 in Fighting
 57087 | Swamp:1  | Reached skill level 1 in Evocations
 57325 | Swamp:1  | Received a gift from Nemelex Xobeh
 57840 | Swamp:2  | Received a gift from Nemelex Xobeh
 58122 | Swamp:2  | Received a gift from Nemelex Xobeh
 58790 | Swamp:3  | Learned a level 4 spell: Airstrike
 58806 | Swamp:3  | Learned a level 4 spell: Iskenderun's Mystic Blast
 59112 | Swamp:3  | Received a gift from Nemelex Xobeh
 59515 | Swamp:4  | Entered Level 4 of the Swamp
 59882 | Swamp:3  | Reached XP level 19. HP: 151/164 MP: 31/31
 60027 | Swamp:3  | Reached skill level 5 in Evocations
 60375 | Swamp:4  | Noticed the 27-headed Lernaean hydra
 60993 | Swamp:4  | Received a gift from Nemelex Xobeh
 61008 | Swamp:4  | Killed the 27-headed Lernaean hydra
 61314 | Swamp:4  | Got a decaying rune of Zot
 61791 | Vaults:1 | Entered Level 1 of the Vaults
 61926 | Vaults:1 | Found a flickering gateway to a bazaar.
 61939 | Bazaar   | Entered a bazaar
 61979 | Bazaar   | Found Qacudwack's Book Boutique.
 61983 | Bazaar   | Found Ecviolen's Gadget Boutique.
 61983 | Bazaar   | Found Neur's Assorted Antiques.
 61983 | Bazaar   | Found Detho's Antique Weapon Boutique.
 61999 | Bazaar   | Bought a scroll of teleportation for 75 gold pieces
 62004 | Bazaar   | Bought a phantom mirror for 300 gold pieces
 62068 | Vaults:1 | Noticed Aizul
 62087 | Vaults:1 | Killed Aizul
 62087 | Vaults:1 | Reached skill level 19 in Fighting
 62372 | Vaults:1 | Received a gift from Nemelex Xobeh
 62578 | Vaults:1 | Cast into level 2 of the Abyss (a deep elf sorcerer)
 62897 | Abyss:2  | Received a gift from Nemelex Xobeh
 62902 | Abyss:2  | Paralysed by accursed screaming for 1 turns
 63204 | Abyss:2  | Noticed a profane servitor
 63245 | Abyss:2  | Killed a profane servitor
 63284 | Abyss:2  | Received a gift from Nemelex Xobeh
 63352 | Vaults:1 | Escaped the Abyss
 63796 | Vaults:1 | Reached XP level 20. HP: 174/174 MP: 26/32
 63882 | D:13     | Bought a scroll of fear for 49 gold pieces
 63882 | D:13     | Bought a scroll of enchant armour for 105 gold pieces
 64181 | Vaults:1 | Received a gift from Nemelex Xobeh
 65294 | Vaults:2 | Noticed Jory
 65306 | Vaults:2 | Killed Jory
 65894 | Vaults:2 | Noticed Donald
 65908 | Vaults:2 | Killed Donald
 66296 | Vaults:2 | Received a gift from Nemelex Xobeh
 66728 | Vaults:2 | Noticed a Brimstone Fiend
 67057 | Vaults:2 | Reached skill level 20 in Fighting
 67395 | Vaults:2 | Received a gift from Nemelex Xobeh
 68117 | Vaults:3 | Noticed Nikola
 68132 | Vaults:3 | Killed Nikola
 68465 | Vaults:3 | Received a gift from Nemelex Xobeh
 68765 | Vaults:3 | Reached XP level 21. HP: 181/183 MP: 21/33
 69534 | Vaults:3 | Noticed Saint Roka
 69585 | Vaults:3 | Killed Saint Roka
 69875 | Vaults:3 | Found a staircase to the Crypt.
 69875 | Vaults:3 | Found a basalt altar of Yredelemnul.
 69876 | Vaults:3 | Found an ancient bone altar of Kikubaaqudgha.
 70538 | Vaults:3 | Received a gift from Nemelex Xobeh
 71152 | Vaults:4 | Found a flickering gateway to a bazaar.
 71208 | Vaults:4 | Noticed a lich
 71259 | Vaults:4 | Killed a lich
 71259 | Vaults:4 | Reached skill level 21 in Fighting
 71314 | Vaults:3 | Reached skill level 10 in Air Magic
 71461 | Bazaar   | Entered a bazaar
 71461 | Bazaar   | Found Aritz's Food Shop.
 71461 | Bazaar   | Found Nuqong's Assorted Antiques.
 71461 | Bazaar   | Found Yplonifo's Book Shop.
 71461 | Bazaar   | Found Tuygynto's Book Shoppe.
 71463 | Bazaar   | Found Eshraschie's Book Boutique.
 71514 | Bazaar   | Bought a potion of haste for 210 gold pieces
 71514 | Bazaar   | Bought a potion of heal wounds for 105 gold pieces
 71514 | Bazaar   | Bought a scroll of enchant armour for 157 gold pieces
 71514 | Bazaar   | Bought a warped chain mail for 199 gold pieces
 71514 | Bazaar   | Bought a potion of brilliance for 84 gold pieces
 71542 | Vaults:4 | Identified the +1 chain mail "Qaimefif" {Int+2 SInv} (You bought it in a shop in a bazaar)
 71547 | Vaults:4 | Received a gift from Nemelex Xobeh
 71737 | Vaults:4 | Noticed Sojobo
 71770 | Vaults:4 | Killed Sojobo
 72592 | Vaults:4 | Reached XP level 22. HP: 161/194 MP: 34/34
 73182 | Vaults:4 | Reached skill level 10 in Dodging
 73189 | Vaults:4 | Reached skill level 10 in Armour
 73290 | Vaults:4 | Received a gift from Nemelex Xobeh
 74087 | Depths:1 | Entered Level 1 of the Depths
 74107 | Depths:1 | Noticed Findor's ghost (veteran DsGl)
 74219 | Depths:1 | Killed Findor's ghost
 74677 | Depths:1 | Found a shattered altar of Ashenzari.
 74685 | Depths:1 | Paralysed by a great orb of eyes for 5 turns
 74692 | Depths:1 | Received a gift from Nemelex Xobeh
 75661 | Depths:1 | Found a gateway to Hell.
 75738 | Depths:2 | Received a gift from Nemelex Xobeh
 76493 | Depths:2 | Received a gift from Nemelex Xobeh
 77000 | Depths:2 | Found a gateway to a ziggurat.
 77522 | Depths:2 | Found a hide-covered altar of Uskayaw.
 77522 | Depths:2 | Noticed a caustic shrike
 77522 | Depths:2 | Noticed a caustic shrike
 77696 | Depths:3 | Received a gift from Nemelex Xobeh
 77789 | Depths:3 | Noticed Xtahua
 77803 | Depths:3 | Killed Xtahua
 78300 | Depths:3 | Found a one-way gate to the infinite horrors of the Abyss.
 78354 | Depths:3 | Identified the amulet of Harmony {Inacc Dex+4} (You found it on level 3 of the Depths)
 78466 | Depths:3 | Noticed Margery
 78478 | Depths:3 | Killed Margery
 78478 | Depths:3 | Reached XP level 23. HP: 100/201 MP: 35/35
 80310 | Depths:1 | a caustic shrike changed into a fire giant
 80367 | Depths:1 | Killed a caustic shrike
 81333 | Depths:2 | Noticed a caustic shrike
 81355 | Depths:1 | Killed a caustic shrike
 81904 | Elf:1    | Entered Level 1 of the Elven Halls
 82076 | Elf:1    | Found Qimae's Food Shop.
 82105 | Elf:1    | Found a frozen archway.
 82113 | IceCv    | Entered an ice cave
 82633 | Elf:1    | Reached skill level 22 in Fighting
 82824 | Elf:1    | Received a gift from Nemelex Xobeh
 82831 | Elf:1    | Learned a level 4 spell: Summon Ice Beast
 83353 | Orc:2    | Cast into level 3 of the Abyss (a deep elf demonologist)
 83826 | Abyss:3  | Reached skill level 15 in Invocations
 83831 | Orc:2    | Escaped the Abyss
 84512 | Depths:3 | Found a one-way gate leading to the halls of Pandemonium.
 84632 | Depths:3 | Received a gift from Nemelex Xobeh
 85494 | Depths:4 | Found Zeichina's Gadget Shop.
 85494 | Depths:4 | Found Afrar's Jewellery Shoppe.
 85495 | Depths:4 | Found Biubyb's Jewellery Shoppe.
 85514 | Depths:4 | Reached XP level 24. HP: 148/211 MP: 35/35
 85610 | Depths:4 | Bought the ring "Mefyhef" {Fire rPois} for 398 gold pieces
 85610 | Depths:4 | Bought an uncursed ring of protection from magic for 275 gold pieces
 85625 | Depths:4 | Received a gift from Nemelex Xobeh
 86332 | Depths:4 | Received a gift from Nemelex Xobeh
 86923 | Depths:5 | Entered Level 5 of the Depths
 86924 | Depths:5 | Noticed a caustic shrike
 86924 | Depths:5 | Noticed a caustic shrike
 86925 | Depths:5 | Noticed a caustic shrike
 86936 | Depths:4 | Killed a caustic shrike
 87034 | Depths:5 | Noticed a caustic shrike
 87034 | Depths:5 | Noticed a caustic shrike
 87054 | Depths:4 | Killed a caustic shrike
 87311 | Depths:4 | Killed a caustic shrike
 87524 | Depths:4 | Killed a caustic shrike
 87732 | Depths:4 | Killed a caustic shrike
 88139 | Depths:4 | Received a gift from Nemelex Xobeh
 88176 | Depths:5 | Gained mutation: You expend magic power (3 MP) to strengthen your wands. [a shining eye]
 88670 | Depths:5 | Got a bloodstained cloak
 88671 | Depths:5 | Identified the +1 cloak of Ojaholom {rElec rF+} (You acquired it on level 5 of the Depths)
 88673 | Depths:5 | Got a pair of ancient gloves
 88674 | Depths:5 | Identified the +0 pair of gloves of Dice, Bag, and Bottle {MR- MP+9 Dex-2 Slay+5} (You acquired it on level 5 of the Depths)
 88684 | Depths:4 | Noticed a caustic shrike
 88707 | Depths:5 | Killed a caustic shrike
 88707 | Depths:5 | Reached skill level 23 in Fighting
 88969 | Depths:4 | Learned a level 5 spell: Borgnjor's Vile Clutch
 89113 | Depths:5 | Noticed a golden dragon
 89132 | Depths:5 | Killed a golden dragon
 89132 | Depths:5 | Reached skill level 1 in Earth Magic
 89363 | Depths:5 | Found a shattered altar of Ashenzari.
 89364 | Depths:5 | Found a hide-covered altar of Uskayaw.
 89364 | Depths:5 | Found a hazy altar of Hepliaklqana.
 89514 | Depths:5 | Received a gift from Nemelex Xobeh
 89685 | Depths:5 | Found a gate to the Realm of Zot.
 90105 | Depths:5 | Reached XP level 25. HP: 154/220 MP: 33/35
 90285 | Depths:5 | Identified the Catalogue of Changing and Creation
 90320 | Depths:5 | Learned a level 4 spell: Summon Lightning Spire
 90501 | Depths:5 | Paralysed by a floating eye for 2 turns
 90620 | Depths:5 | Noticed a caustic shrike
 90643 | Depths:5 | Killed a caustic shrike
 90660 | Depths:5 | Reached skill level 5 in Earth Magic
 91312 | Depths:5 | Noticed a juggernaut
 91337 | Depths:5 | Killed a juggernaut
 91425 | Depths:5 | Noticed a caustic shrike
 91441 | Depths:5 | Killed a caustic shrike
 91495 | Depths:5 | Paralysed by a great orb of eyes for 5 turns
 92154 | Depths:5 | Noticed a juggernaut
 92181 | Depths:5 | Killed a juggernaut
 92412 | Depths:5 | Found the +3 salamander hide armour {+Rage rF++}
 92598 | Depths:5 | Received a gift from Nemelex Xobeh
 92781 | Depths:5 | Noticed a juggernaut
 92796 | Depths:5 | Killed a juggernaut
 92994 | Depths:5 | Noticed a caustic shrike
 93023 | Depths:5 | Killed a caustic shrike
 94050 | Elf:1    | Found Vaolitt's Jewellery Shop.
 94221 | Elf:1    | Found Fihotole's Armour Shop.
 94309 | Elf:1    | Found a radiant altar of Vehumet.
 94570 | Elf:1    | Received a gift from Nemelex Xobeh
 94707 | Elf:1    | Learned a level 2 spell: Poisonous Vapours
 95047 | Elf:2    | Found an ancient bone altar of Kikubaaqudgha.
 95222 | Elf:2    | Reached XP level 26. HP: 228/228 MP: 35/35
 95397 | Elf:2    | Found a runed door.
 95419 | Elf:2    | Found a runed door.
 95769 | Elf:3    | Entered Level 3 of the Elven Halls
 95831 | Elf:3    | Found Jeptowee's Antique Weapon Emporium.
 96115 | Elf:3    | Received a gift from Nemelex Xobeh
 97136 | Elf:2    | Reached skill level 24 in Fighting
 97472 | Elf:3    | Got a crude ivory ring
 97473 | Elf:3    | Identified the cursed ring "Foatty Fiot" {+Blink rElec Str-2} (You took it off a deep elf death mage on level 3 of the Elven Halls)
 98877 | Elf:3    | Got a vibrating marble ring
 98878 | Elf:3    | Identified the ring of Eryc {Wiz Int+2} (You took it off a deep elf knight on level 3 of the Elven Halls)
 99099 | Elf:3    | Got a faintly glowing bone ring
 99342 | Elf:3    | Identified the ring of Uclisug {Wiz Int+3} (You took it off a deep elf high priest on level 3 of the Elven Halls)
 99343 | Elf:3    | Identified the ring "Giplerph" {rC+ MR- Str+2 Dex+2 Slay+4} (You took it off an orc priest on level 3 of the Elven Halls)
100942 | Depths:3 | Learned a level 4 spell: Animate Dead
101227 | Vaults:5 | Entered Level 5 of the Vaults
101240 | Vaults:5 | Reached skill level 25 in Fighting
101562 | Vaults:4 | Reached skill level 10 in Necromancy
101617 | Vaults:5 | Received a gift from Nemelex Xobeh
101753 | Vaults:5 | Reached XP level 27. HP: 240/241 MP: 14/35
102510 | Vaults:5 | Noticed an ancient lich
102521 | Vaults:5 | Killed an ancient lich
103446 | Vaults:4 | Reached skill level 26 in Fighting
104130 | Vaults:5 | Received a gift from Nemelex Xobeh
104264 | Vaults:5 | Identified the cursed -5 pair of boots of Nixzamal {+Inv rF+ MR++ Str-3} (You found it on level 5 of the Vaults)
104429 | Vaults:5 | Got a silver rune of Zot
104738 | Vaults:5 | Got a warped ivory amulet
104739 | Vaults:5 | Identified the amulet of Jicru {Spirit Slay+2} (You took it off an ironbrand convoker on level 5 of the Vaults)
105774 | Zot:1    | Entered Level 1 of the Realm of Zot
105891 | Zot:1    | Received a gift from Nemelex Xobeh
105904 | Zot:1    | Found the +3 Elemental Staff {rElec rF++ rC++ MR++ AC+5}
107118 | Zot:1    | Reached skill level 27 in Fighting
107875 | Zot:2    | Received a gift from Nemelex Xobeh
108803 | Zot:2    | Received a gift from Nemelex Xobeh
109649 | Zot:3    | Identified the +9 war axe "Qometat" {venom, MR+ Str-4 Stlth+} (You found it on level 3 of the Realm of Zot)
109669 | Zot:3    | Noticed an orb of fire
109879 | Zot:3    | Gained mutation: Your body sometimes deteriorates upon taking damage. [an orb of fire]
109884 | Zot:3    | Killed an orb of fire
110833 | Zot:4    | Received a gift from Nemelex Xobeh
111004 | Zot:4    | Reached skill level 15 in Armour
111004 | Zot:4    | Reached skill level 15 in Dodging
111828 | Zot:4    | Received a gift from Nemelex Xobeh
112558 | Zot:4    | Received a gift from Nemelex Xobeh
112629 | Zot:4    | Learned a level 6 spell: Deflect Missiles
113095 | Zot:5    | Entered Level 5 of the Realm of Zot
113336 | Zot:5    | Noticed an ancient lich
113401 | Zot:4    | Killed an ancient lich
113512 | Zot:5    | Noticed an ancient lich
113553 | Zot:4    | Killed an ancient lich
113642 | Zot:5    | Received a gift from Nemelex Xobeh
113676 | Zot:5    | Noticed an orb of fire
113727 | Zot:5    | Noticed an ancient lich
113765 | Zot:4    | Killed an ancient lich
113830 | Zot:5    | Noticed an ancient lich
114035 | Zot:5    | Killed an ancient lich
114041 | Zot:5    | Killed an ancient lich
114632 | Zot:5    | Got a transparent helmet
114633 | Zot:5    | Identified the +3 helmet of Starshine {rC++ Dex+3} (You found it on level 5 of the Realm of Zot)
114777 | Zot:5    | Noticed an orb of fire
114799 | Zot:5    | Gained mutation: You are occasionally teleported next to monsters. [an orb of fire]
114806 | Zot:5    | Killed an orb of fire
114985 | Zot:4    | Lost mutation: You expend magic power (3 MP) to strengthen your wands. [potion of mutation]
114985 | Zot:4    | Lost mutation: You are occasionally teleported next to monsters. [potion of mutation]
114985 | Zot:4    | Gained mutation: Your flesh is heat resistant. (rF+) [potion of mutation]
114985 | Zot:4    | Gained mutation: Your magical capacity is low. (-10% MP) [potion of mutation]
114985 | Zot:4    | Gained mutation: You are partially covered in molten scales. (AC +2) [potion of mutation]
115526 | Zot:5    | Noticed an orb of fire
115537 | Zot:5    | Gained mutation: Your body often deteriorates upon taking damage. [an orb of fire]
115539 | Zot:5    | Gained mutation: Your spells are a little easier to cast, but a little less powerful. [an orb of fire]
115553 | Zot:5    | Gained mutation: Your spells are easier to cast, but less powerful. [an orb of fire]
115562 | Zot:5    | Gained mutation: You are occasionally teleported next to monsters. [an orb of fire]
115563 | Zot:5    | Killed an orb of fire
115571 | Zot:5    | Lost mutation: You are partially covered in molten scales. (AC +2) [potion of mutation]
115571 | Zot:5    | Lost mutation: Your magical capacity is low. (-10% MP) [potion of mutation]
115571 | Zot:5    | Lost mutation: You are occasionally teleported next to monsters. [potion of mutation]
115571 | Zot:5    | Lost mutation: Your flesh is heat resistant. (rF+) [potion of mutation]
115571 | Zot:5    | Lost mutation: Your spells are easier to cast, but less powerful. [potion of mutation]
115571 | Zot:5    | Gained mutation: You are somewhat resistant to further mutation. [potion of mutation]
116081 | Zot:5    | Received a gift from Nemelex Xobeh
116636 | Zot:5    | Got the Orb of Zot
116679 | Zot:4    | Gained mutation: Potions are less effective at restoring your health. [a neqoxec]
116743 | Zot:4    | Noticed Edevoenk the pandemonium lord
117670 | D:$      | Escaped with the Orb!

Skill      XL: |  1  2  3  4  5  6  7  8  9 10 11 12 13 14 15 16 17 18 19 20 21 22 23 24 25 26 27 |
---------------+----------------------------------------------------------------------------------+-----
Fighting       | 3 4 5 6 8 10 11 12 14 15 16 18 19 20 21 22 23 25 27 | 27.0
Armour         | 3 4 5 6 7 9 11 12 18 | 18.0
Axes           | 3 4 5 7 9 11 12 14 15 16 17 18 | 18.0
Shields        | 1 3 4 |  4.0
Charms         | 2 5 |  5.0
Translocations | 2 3 |  3.0
Invocations    | 3 12 13 15 16 17 | 17.1
Conjurations   | 5 |  5.0
Air Magic      | 4 5 7 10 | 10.0
Poison Magic   | 4 5 |  5.0
Dodging        | 6 7 9 11 12 18 | 18.0
Spellcasting   | 5 8 |  8.0
Necromancy     | 3 5 6 9 10 12 | 12.0
Evocations     | 4 8 |  8.0
Earth Magic    | 3 9 |  9.2
Staves         | |  1.0
Throwing       | |  1.0
Stealth        | |  1.0

Action                   |  1- 3 |  4- 6 |  7- 9 | 10-12 | 13-15 | 16-18 | 19-21 | 22-24 | 25-27 || total
-------------------------+-------+-------+-------+-------+-------+-------+-------+-------+-------++-------
Melee: Quarterstaff      |    71 |    18 |     8 |       |       |       |       |       |       ||    97
       War axe           |       |   163 |   439 |  1013 |  1571 |  1607 |  2116 |   792 |    21 ||  7722
       Broad axe         |       |       |       |       |       |       |       |  1051 |  2566 ||  3617
 Fire: Hunting sling     |       |       |       |     4 |       |       |       |       |       ||     4
Throw: Throwing net      |       |       |       |       |       |       |       |       |     2 ||     2
 Cast: Blink             |       |       |       |       |    10 |     8 |     6 |    23 |    14 ||    61
       Mephitic Cloud    |       |       |       |       |    37 |   103 |   121 |   127 |    73 ||   461
       Regeneration      |       |       |       |       |       |    23 |    31 |    30 |    80 ||   164
       Summon Lightning  |       |       |       |       |       |       |       |       |    40 ||    40
       Borgnjor's Vile C |       |       |       |       |       |       |       |       |   132 ||   132
       Animate Dead      |       |       |       |       |       |       |       |       |    53 ||    53
       Iskenderun's Myst |       |       |       |       |       |       |       |       |     1 ||     1
       Deflect Missiles  |       |       |       |       |       |       |       |       |     1 ||     1
       Song of Slaying   |       |       |       |       |       |       |       |       |     1 ||     1
Invok: Stack Five        |       |       |       |       |       |       |       |     2 |     1 ||     3
Evoke: Wand              |       |     1 |    16 |    26 |    43 |    15 |     6 |    23 |    22 ||   152
       Deck              |       |       |       |    13 |    51 |    48 |    65 |    71 |    67 ||   315
       Sack of spiders   |       |       |       |       |     1 |       |       |       |       ||     1
  Use: Scroll            |       |       |    12 |    16 |    11 |    15 |    15 |    21 |    26 ||   116
       Potion            |       |       |     3 |     3 |     3 |     3 |     9 |       |     7 ||    28
 Stab: Paralysed         |       |       |       |    20 |       |     8 |       |       |     2 ||    30
       Sleeping          |       |       |       |     3 |     2 |     4 |       |       |       ||     9
       Distracted        |       |       |       |     1 |     1 |     7 |     3 |     7 |    15 ||    34
       Confused          |       |       |       |       |    19 |    83 |    87 |    68 |    28 ||   285
       Petrified         |       |       |       |       |       |     5 |     1 |       |       ||     6
       Petrifying        |       |       |       |       |       |     1 |     1 |       |       ||     2
  Eat: Chunk             |     1 |     7 |    14 |    24 |    67 |    49 |    36 |    39 |    82 ||   319
       Ration            |       |       |     1 |     4 |     3 |     6 |     2 |     6 |    15 ||    37
Armor: Ring mail         |    35 |    96 |   219 |   268 |   210 |   860 |   643 |   671 |  1010 ||  4012
       Troll leather arm |       |       |       |    32 |       |       |       |       |       ||    32
       Skin              |       |       |       |     3 |       |       |       |       |       ||     3
       Leather armour    |       |       |       |    94 |   372 |       |       |       |       ||   466
       Scale mail        |       |       |       |       |       |       |    26 |    15 |       ||    41
Dodge: Dodged            |    28 |   123 |   247 |   459 |   630 |   840 |   765 |  1007 |  1292 ||  5391
       Deflected         |       |       |       |       |       |       |       |       |     1 ||     1
Block: Buckler           |       |       |    76 |   262 |   431 |   586 |   532 |   638 |   942 ||  3467
       Reflection        |       |       |       |       |    10 |    20 |    26 |    42 |    59 ||   157
